 Dungeon Crawl Stone Soup version 0.29.1-12-g30fa7ad0bf (webtiles) character file.

Game seed: 14038106427079857926

48 Ovid the Trooper (level 3, 0/34 HPs)
             Began as a Draconian Chaos Knight on Jan 4, 2023.
             Was a Plaything of Xom.
             Succumbed to a crimson imp's poison
             ... on level 3 of the Dungeon.
             The game lasted 00:05:05 (839 turns).

Ovid the Trooper (Draconian Chaos Knight)            Turns: 839, Time: 00:05:05

Health: 0/34       AC:  5    Str: 14    XL:     3   Next: 50%
Magic:  4/4        EV: 12    Int: 14    God:    Xom [.*....]
Gold:   53         SH:  0    Dex: 10    Spells: 0/3 levels left

rFire   . . .      SeeInvis .   a - +0 spear (vorpal)
rCold   . . .      Faith    .   (no shield)
rNeg    . . .      Spirit   .   (body armour unavailable)
rPois   .          Reflect  .   (helmet restricted)
rElec   .          Harm     .   (no cloak)
rCorr   .          Rampage  .   (no gloves)
Will    .....                   (no boots)
Stlth   +.........              (no amulet)
HPRegen 0.11/turn               g - ring of wizardry
MPRegen 0.09/turn               (no ring)

@: lethally poisoned (0 -> -3)
A: AC +5, unfitting armour, cold-blooded, hooves 1, robust 1
a: Renounce Religion


You were on level 3 of the Dungeon.
You worshipped Xom.
You were a plaything of Xom.
You visited 1 branch of the dungeon, and saw 3 of its levels.

You collected 53 gold pieces.

Inventory:

Hand Weapons
 a - a +0 vorpal spear (weapon)
Missiles
 e - 3 javelins (quivered)
 f - 2 silver javelins
Jewellery
 g - a ring of wizardry (left hand)
Wands
 k - a wand of paralysis (8)
Scrolls
 h - a scroll of magic mapping
 i - a scroll of noise {unknown}
Potions
 d - a potion of flight
Miscellaneous
 b - a piece from Xom's chessboard (14/15)


   Skills:
 * Level 3.6 Fighting
 * Level 3.4(3.5) Polearms
 * Level 0.3(2.1) Staves
 * Level 0.2 Throwing
 * Level 2.4 Dodging
 * Level 0.8 Stealth
 * Level 0.7 Spellcasting
 * Level 0.1 Air Magic
 * Level 0.1 Poison Magic
 * Level 0.2 Evocations


You couldn't memorise any spells.
You knew the following spells:

 Your Spells              Type           Power      Damage    Failure   Level
a - Shock                 Conj/Air       0%         1d3       11%         1
b - Poisonous Vapours     Pois/Air       0%         N/A       16%         2

Your spell library contained the following spells:

 Spells                   Type           Power      Damage    Failure   Level
 Swiftness                Air            0%         N/A       30%         3
 Airstrike                Air            0%         2d(0-16)  67%         4
 Corpse Rot               Necr/Pois/Air  0%         N/A       69%         4


Dungeon Overview and Level Annotations

Branches:
Dungeon (3/15)

Altars:
Makhleb
Xom


Innate Abilities, Weirdness & Mutations

Your plain brown scales are hard. (AC +5)
You cannot fit into any form of body armour.
You are cold-blooded and may be slowed by cold attacks.
You have large cloven feet.
You are robust. (+10% HP)


Message History

You open the door.
There is an open door here.
There is an open door here.
There is an open door here.
You open the door.
A crimson imp comes into view. It is wielding a +1 dagger of chaos.
The crimson imp shouts!
Found a burning altar of Makhleb and a shimmering altar of Xom.
The crimson imp hits you with a +1 dagger of chaos.
There is an open door here.
You make a move on Xom's chessboard...
The crimson imp flickers and vanishes!
Deactivating autopickup; reactivate with Ctrl-A.
Something barely misses you.
You completely miss something. Your kick misses something.
Something hits you but does no damage.
You hit something but do no damage. Your kick misses something.
Your tail-slap misses something.
Something hits you.
You are electrocuted!
Ouch! That really hurt!
You miss something. Something hits you.
You are poisoned.
You hit something but do no damage. Your kick misses something.
Your tail-slap misses something.
* * * LOW HITPOINT WARNING * * *
You feel sick.
It was a potion of cancellation.
You feel magically purged.
Xom roars with laughter!
* * * LOW HITPOINT WARNING * * *
You feel sick. Something hits you.
* * * LOW HITPOINT WARNING * * *
As you read the scroll of summoning, it crumbles to dust.
Wisps of shadow whirl around you...
* * * LOW HITPOINT WARNING * * *
You feel sick. Something barely misses you. Something hits you.
* * * LOW HITPOINT WARNING * * *
Something freezes you.
* * * LOW HITPOINT WARNING * * *
x2 You feel sick.
Your orc barely misses something.
You die...
Xom snickers!

###########
#.........#
##.........+
##..........##
#............#
#.#####......#.# #
#@#o._#......#># #
#.'lK.#......#.# #
###w._#......#.###
#####.#.#.#..##
#.#.#.#...#
#.#.#.#.#.#
#.#.#......
..#.#...###
#.#...# #


You could see a friendly dart slug (summoned), a friendly kobold (summoned) and
a friendly frilled lizard (summoned).

Vanquished Creatures
  2 adders (D:3)
  A dart slug (D:1)
  7 ball pythons
  3 endoplasms
  2 giant cockroaches (D:1)
  5 goblins
  2 hobgoblins (D:1)
  A quokka (D:1)
  2 kobolds (D:1)
  A rat (D:1)
26 creatures vanquished.

Notes
Turn   | Place    | Note
-------+----------+-------------------------------------------
     0 | D:1      | Ovid the Draconian Chaos Knight began the quest for the
                  | Orb.
     0 | D:1      | Reached XP level 1. HP: 19/19 MP: 1/1
    46 | D:1      | XOM: silly message
    98 | D:1      | XOM: potion effect (curing)
   109 | D:1      | Reached XP level 2. HP: 19/26 MP: 2/2
   131 | D:1      | Found a faded altar of an unknown god.
   207 | D:1      | XOM: silly message
   264 | D:1      | XOM: silly message
   370 | D:2      | Learned a level 1 spell: Shock
   394 | D:2      | XOM: silly message
   504 | D:2      | XOM: silly message
   570 | D:2      | Reached XP level 3. HP: 29/31 MP: 0/3
   577 | D:2      | Learned a level 2 spell: Poisonous Vapours
   636 | D:3      | XOM: divination: detect items
   675 | D:3      | Gained mutation: You are robust. (+10% HP) [potion of
                  | mutation]
   675 | D:3      | Gained mutation: You have large cloven feet. [potion of
                  | mutation]
   829 | D:3      | Found a burning altar of Makhleb.
   829 | D:3      | Found a shimmering altar of Xom.
   838 | D:3      | HP: 1/34 [poisoned by a crimson imp]
   839 | D:3      | Succumbed to a crimson imp's poison

Illustrated notes

Levels and vault maps discovered:
D:1:      lightli_iron_boxes, layout_rooms, ebering_ecumenical_altar_webs
D:2:      layout_loops_ring, basic_altar, minmay_worlds_worst_comb, uniq_terence
D:3:      layout_basic, nicolae_hepliaklqana_ecumenical_no_more,
          grunt_temple_overflow_champion_of_chaos, lightli_corner_chamber

Action                   || total
-------------------------++-------
Melee: Spear             ||    65
       Tailslap          ||     7
Throw: Javelin           ||     3
 Cast: Shock             ||     9
       Poisonous Vapours ||     1
Evoke: Piece from Xom's  ||     1
  Use: Scroll            ||     7
       Potion            ||     2
Armor: Skin              ||    27
Dodge: Dodged            ||    64
